 Dungeon Crawl Stone Soup version 0.28-a0-2-g643f2454ad (webtiles) character file.

Game seed: 11919592505650751637

103 Sin92 the Skirmisher (level 4, 0/52 HPs)
             Began as a Demonspawn Fighter on July 22, 2021.
             Succumbed to an orc's poison
             ... on level 3 of the Dungeon.
             The game lasted 00:01:41 (1881 turns).

Sin92 the Skirmisher (Demonspawn Fighter)           Turns: 1881, Time: 00:01:42

Health: 0/52       AC: 22    Str: 18    XL:     4   Next: 51%
Magic:  4/4        EV:  2    Int:  9    God:
Gold:   46         SH: 13    Dex: 12    Spells: 3/3 levels left

rFire   . . .      SeeInvis .   g - +1 war axe (drain)
rCold   . . .      Faith    .   c - +0 kite shield
rNeg    + + +      Spirit   .   (armour currently unavailable)
rPois   +          Reflect  .   (helmet currently unavailable)
rElec   .          Harm     .   (cloak currently unavailable)
rCorr   .          Rampage  .   (gloves currently unavailable)
Will    .....      NoTele   +   (boots currently unavailable)
Stlth   +.........              (no amulet)
HPRegen 0.17/turn               l - ring of positive energy
MPRegen 0.09/turn               (no ring)

@: lethally poisoned (0 -> -8), tree-form
A: stationary, stasis, torment immunity, boosted hp, (molten scales 1),
condensation shield
a: no special abilities


You were on level 3 of the Dungeon.
You were a tree.
You visited 1 branch of the dungeon, and saw 3 of its levels.

You collected 46 gold pieces.

Inventory:

Hand Weapons
 a - a +0 war axe
 g - a +1 war axe of draining (weapon)
Armour
 b - a +0 scale mail (melded)
 c - a +0 kite shield (worn)
Jewellery
 f - a ring of magical power
 l - a ring of positive energy (left branch)
Potions
 d - 2 potions of might
 h - a potion of lignification
 i - a potion of berserk rage {unknown}
 k - a potion of degeneration {unknown}


   Skills:
 + Level 3.4 Fighting
 * Level 3.0 Axes
 + Level 3.1 Armour
 + Level 1.2 Dodging
 + Level 3.1 Shields


You had 3 spell levels left.
You didn't know any spells.
Your spell library was empty.

Dungeon Overview and Level Annotations

Branches:
Dungeon (3/15)

Altars:

Shops:
D:1 [


Innate Abilities, Weirdness & Mutations

You are a tree.
Your roots penetrate the ground, keeping you stationary.
You cannot be teleported.
You are immune to unholy pain and torment.
Your maximum health is greatly increased.
Your equipment is partially melded.
((You are partially covered in molten scales. (AC +2)))
A meltable shield of frost defends you. (SH +4)


Message History

You hear some strange, mumbled words.
A magic dart appears from out of thin air!
The magic dart hits you but does no damage.
Unknown command.
An orc is nearby!
You slash something!
Reactivating autopickup.
You feel a bit more experienced.
You feel sick.
You are no longer poisoned.
Unknown command.
You closely miss the orc. The orc hits you but does no damage.
You are poisoned.
You block the orc's attack.
You barely miss the orc.
You feel very sick. You block the orc's attack. x2
You hit the orc but do no damage. You drain the orc.
The orc is heavily wounded.
You feel sick. The orc hits you but does no damage.
You are more poisoned.
You hit the orc but do no damage. You drain the orc.
The orc is almost dead.
You feel very sick.
The orc hits you with a +1 dagger of venom.
* * * LOW HITPOINT WARNING * * *
You are lethally poisoned!
You block the orc's attack.
You hit the orc.
You kill the orc!
* * * LOW HITPOINT WARNING * * *
You feel very sick.
Your Axes skill increases to level 3!
* * * LOW HITPOINT WARNING * * *
You feel sick.
Items here: $ )))) [[[ ††.
Okay, then.
It was a potion of lignification.
You turn into a tree.
Your +0 scale mail melds into your body.
Your roots penetrate the ground.
You die...

########################
................♣.......
######################.#
....... ####### #####
....# ###.#


There were no monsters in sight!

Vanquished Creatures
  Jessica (D:2)
  An orc wizard (D:3)
  An adder (D:2)
  2 dart slugs (D:1)
  3 orcs (D:3)
  3 ball pythons
  6 endoplasms
  4 goblins
  A hobgoblin (D:2)
  4 jackals
  2 bats (D:1)
  4 kobolds
  4 rats
36 creatures vanquished.

Notes
Turn   | Place    | Note
-------+----------+-------------------------------------------
     0 | D:1      | Sin92 the Demonspawn Fighter began the quest for the Orb.
     0 | D:1      | Reached XP level 1. HP: 18/18 MP: 1/1
   165 | D:1      | Found Loavy's Antique Armour Emporium.
   236 | D:1      | Found a faded altar of an unknown god.
   243 | D:1      | Gained mutation: A meltable shield of frost defends you.
                  | (SH +4) [demonic ancestry]
   243 | D:1      | Reached XP level 2. HP: 24/24 MP: 2/2
  1091 | D:2      | Reached XP level 3. HP: 11/29 MP: 3/3
  1350 | D:2      | Noticed Jessica
  1353 | D:2      | Killed Jessica
  1354 | D:2      | Reached skill level 1 in Dodging
  1646 | D:2      | Gained mutation: You are partially covered in molten
                  | scales. (AC +2) [demonic ancestry]
  1646 | D:2      | Reached XP level 4. HP: 28/35 MP: 4/4
  1880 | D:3      | HP: 1/35 [poisoned by an orc]
  1881 | D:3      | Succumbed to an orc's poison

Illustrated notes

Levels and vault maps discovered:
D:1:      dpeg_arrival_simpleton_c, layout_basic,
          ebering_ecumenical_altar_petrified, serial_shops, shop
D:2:      layout_rooms, minivault_11, kennysheep_generic_room_7, uniq_jessica
D:3:      layout_basic

Skill      XL: |  1  2  3  4 |
---------------+-------------+-----
Axes           | 2 3 |  3.0
Armour         | 3 |  3.1
Dodging        | 1 |  1.2
Shields        | 3 |  3.1
Fighting       | |  3.4

Action                   |  1- 3 |  4- 6 || total
-------------------------+-------+-------++-------
Melee: War axe           |    85 |    21 ||   106
  Use: Scroll            |       |     2 ||     2
       Potion            |       |     1 ||     1
Armor: Scale mail        |    37 |     6 ||    43
Dodge: Dodged            |    23 |       ||    23
Block: Kite shield       |    71 |    14 ||    85

Table legend: (Time is in decaauts)
 A = Elapsed time spent in this place.
 B = Non-inter-level travel time spent in this place.
 C = Inter-level travel time spent in this place.
 D = Time resting spent in this place.
 E = Time spent auto-exploring this place.
 F = Levels seen in this place.
 G = Mean time per level.
                   A        B        C        D        E       F      G
               +--------+--------+--------+--------+--------+-----+--------+
         Total |   1946 |   1845 |    101 |      0 |   1582 |   3 |  648.7 |
       Dungeon |   1946 |   1845 |    101 |      0 |   1582 |   3 |  648.7 |
               +--------+--------+--------+--------+--------+-----+--------+

Top non-repeatable levels by time:
     D:1: 1072 daAuts
     D:2: 777 daAuts
     D:3: 96 daAuts
